 Dungeon Crawl Stone Soup version 0.18.1-48-g4cf74bf (webtiles) character file.

189 Heedrag the Conjurer (level 5, -2/28 HPs)
             Began as a Deep Elf Conjurer on Aug 15, 2016.
             Slain by an orc priest (3 damage)
             ... on level 4 of the Dungeon on Aug 16, 2016.
             The game lasted 00:06:47 (2700 turns).

Heedrag the Conjurer (Deep Elf Conjurer)            Turns: 2700, Time: 00:06:48

Health: -2/28      AC:  3    Str:  6    XL:     5   Next: 40%
Magic:  5/14       EV: 13    Int: 20    God:
Gold:   250        SH:  0    Dex: 15    Spells: 3 memorised, 3 levels left

rFire  . . .     SeeInvis +     l - -2 spear (curse)
rCold  . . .     Gourm    .     a - +0 robe
rNeg   . . .     Faith    .     (no shield)
rPois  .         Spirit   .     (no helmet)
rElec  .         Dismiss  .     (no cloak)
rCorr  .         Reflect  .     o - +0 pair of gloves
SustAt .         Harm     .     (no boots)
MR     .....                    (no amulet)
Stlth  +.........               k - ring of see invisible
                                q - ring of loudness (curse)

@: not resistant to hostile enchantments, very unstealthy
A: no striking features
a: no special abilities


You were on level 4 of the Dungeon.
You were not hungry.

You visited 1 branch of the dungeon, and saw 4 of its levels.

You collected 250 gold pieces.

Inventory:

Hand Weapons
 h - a +0 short sword
 l - a cursed -2 spear (weapon)
Armour
 a - a +0 robe (worn)
 o - a +0 pair of gloves (worn)
 y - a cursed +0 buckler
Jewellery
 k - a ring of see invisible (right hand)
 q - a cursed ring of loudness (left hand)
Wands
 z - a wand of random effects (34/48)
 B - a wand of heal wounds (2/9)
Scrolls
 d - 3 scrolls of identify {unknown}
 j - 2 scrolls of noise {unknown}
 n - a scroll of random uselessness {unknown}
 r - a scroll of enchant weapon {unknown}
 s - a scroll of immolation {unknown}
 v - a scroll of teleportation {unknown}
 w - a scroll of remove curse {unknown}
 C - a scroll of recharging {unknown}
 D - a scroll of fog {unknown}
Potions
 e - 5 potions of curing {unknown}
 g - a potion of might
 i - a potion of ambrosia {unknown}
 p - 2 potions of heal wounds {unknown}
 t - a potion of cancellation {unknown}
 u - a potion of flight {unknown}
Books
 b - a book of Conjurations

   Spells                             Type                      Level
   a - Magic Dart                     Conjuration                  1
   b - Searing Ray                    Conjuration                  2
   c - Dazzling Spray                 Conjuration/Hexes            3
   d - Fulminant Prism                Conjuration/Hexes            4
   e - Iskenderun's Mystic Blast      Conjuration                  4
   f - Iskenderun's Battlesphere      Conjuration/Charms           5
 x - a book of Beasts

   Spells                             Type                      Level
   a - Summon Butterflies             Summoning                    1
   b - Call Canine Familiar           Summoning                    3
   c - Summon Ice Beast               Ice/Summoning                4
   d - Summon Mana Viper              Hexes/Summoning              5
   e - Summon Hydra                   Summoning                    7
Comestibles
 c - 3 bread rations
 f - 15 fruits
 m - a meat ration
 A - a beef jerky
 E - a slice of pizza


   Skills:
 - Level 2.4 Dodging
 - Level 2.4 Stealth
 + Level 4.9 Spellcasting
 * Level 6.5 Conjurations
 + Level 0.4 Charms


You had 3 spell levels left.
You knew the following spells:

 Your Spells              Type           Power        Failure   Level  Hunger
a - Magic Dart            Conj           ####         1%          1    None
b - Iskenderun's Mystic   Conj           ####....     10%         4    ####...
c - Iskenderun's Battles  Conj/Chrm      ###.....     82%         5    ######.


Dungeon Overview and Level Annotations

Branches:
Dungeon (4/15)
 Temple: D:4-7

Altars:
Kikubaaqudgha
Nemelex Xobeh
Pakellas

Annotations:
D:2 Terence
D:4 Grinder


Message History

Tha orc priest be severely wounded.
Tha orc priest hits ye.
* * * LOW HITPOINT WARNIN'
* * * Castin': Magic Dart Confirm wit' . or Enter, or press ? or * ta list all spells.
Aimin': Magic Dart
Press: ? - help, Shift-Dir - straight line, f/p - orc priest
Aim: an orc priest, wearin' a rin' mail (severely wounded) Tha magic dart hits tha orc priest.
Tha orc priest be severely wounded.
Tha orc priest closely misses ye.
Castin': Magic Dart Confirm wit' . or Enter, or press ? or * ta list all spells.
Aimin': Magic Dart
Press: ? - help, Shift-Dir - straight line, f/p - orc priest
Aim: an orc priest, wearin' a rin' mail (severely wounded) Tha magic dart hits tha orc priest.
Tha orc priest be severely wounded.
Tha orc priest hits ye.
Ye die...

...........#.#
####.#.#####.#
#.#.# #.#
#.#.# #.#
#.#.# #.#
#.#.# #.#
#.#.# #.#####
#.# #.....#
#.#########@#
#........<#o#
###########o#
..# ###


You could see an orc priest and an orc.

Vanquished Creatures
  Natasha (D:4)
  A worker ant (D:4)
  6 gnolls
  3 adders
  A dart slug (D:1)
  2 giant geckos
  2 orcs
  3 giant cockroaches
  2 goblins
  4 hobgoblins
  10 jackals
  8 kobolds
  3 bats
  3 giant newts
  5 rats
54 creatures vanquished.

Vanquished Creatures (others)
  4 toadstools (D:1)
4 creatures vanquished.

Grand Total: 58 creatures vanquished

Notes
Turn   | Place    | Note
--------------------------------------------------------------
     0 | D:1      | Heedrag the Deep Elf Conjurer began the quest for the Orb.
     0 | D:1      | Reached XP level 1. HP: 10/10 MP: 6/6
   175 | D:1      | Reached XP level 2. HP: 9/15 MP: 1/8
   239 | D:1      | Reached skill level 5 in Conjurations
   311 | D:1      | Reached XP level 3. HP: 16/19 MP: 1/10
  1163 | D:2      | Found a sparkling altar of Nemelex Xobeh.
  1318 | D:2      | Found an ancient bone altar of Kikubaaqudgha.
  1340 | D:2      | Noticed Terence
  1463 | D:3      | Reached XP level 4. HP: 24/24 MP: 8/12
  1471 | D:3      | Learned a level 4 spell: Iskenderun's Mystic Blast
  1823 | D:3      | Found an oddly glowing altar of Pakellas.
  1836 | D:3      | Reached skill level 6 in Conjurations
  2067 | D:3      | Noticed an orc warrior
  2299 | D:4      | Reached XP level 5. HP: 28/28 MP: 8/14
  2345 | D:4      | Learned a level 5 spell: Iskenderun's Battlesphere
  2388 | D:4      | Noticed Grinder
  2555 | D:4      | Noticed Natasha
  2563 | D:4      | Killed Natasha
  2698 | D:4      | HP: 1/28 [orc priest (4)]
  2700 | D:4      | Slain by an orc priest

Skill      XL: |  1  2  3  4 |
---------------+-------------+-----
Conjurations   | 5 6 |  6.5
Spellcasting   | 4 |  4.9
Dodging        | |  2.4
Stealth        | |  2.4
Charms         | |  0.4

Action                   |  1- 3 |  4- 6 || total
-------------------------+-------+-------++-------
Melee: Unarmed           |    16 |       ||    16
       Short sword       |     2 |       ||     2
 Cast: Magic Dart        |    77 |    66 ||   143
  Eat: Chunk             |     2 |     3 ||     5
Armor: Robe              |    10 |     7 ||    17
Dodge: Dodged            |    34 |    20 ||    54
